 Dungeon Crawl Stone Soup version 0.32-a0-163-g159c032296 (webtiles) character file.

Game seed: 10495709543940117411

49 zeratav the Trooper (level 3, -1/39 HPs)
             Began as an Oni Warper on Feb 11, 2024.
             Slain by a bullfrog (5 damage)
             ... on level 3 of the Dungeon.
             The game lasted 00:01:47 (1727 turns).

zeratav the Trooper (Oni Warper)                    Turns: 1727, Time: 00:01:47

Health: -1/39      AC:  3    Str: 17    XL:     3   Next: 77%
Magic:  6/6        EV:  9    Int: 14    God:
Gold:   100        SH:  0    Dex:  8    Spells: 4/6 levels left

rFire   . . .        a - +0 mace {mace}
rCold   . . .        (no shield)
rNeg    . . .        b - +0 robe
rPois   .            (helmet restricted)
rElec   .            (no cloak)
rCorr   .            (gloves unavailable)
SInv    .            (boots unavailable)
Will    .....        (no amulet)
Stlth   +            (no ring)
HPRegen 0.26/turn    (no ring)
MPRegen 0.10/turn

%: no passive effects
@: no status effects
A: large, unfitting armour, horns 1, tough skin 1, double potion healing,
drunken brawling
a: no special abilities


You were on level 3 of the Dungeon.
You visited 1 branch of the dungeon, and saw 3 of its levels.

You collected 100 gold pieces.


Innate Abilities, Weirdness & Mutations

You are too large for most types of armour.
You have a pair of small horns on your head.
You have tough skin. (AC +1)
You gain doubled healing and magic from potions.
Whenever you drink a healing potion, you attack all around you.


   Skills:
 + Level 4.2 Fighting
 + Level 3.1 Maces & Flails
 - Level 1.0 Throwing
 - Level 2.1 Dodging
 - Level 2.4 Spellcasting
 - Level 2.6 Translocations


You had 4 spell levels left.
You knew the following spells:

 Your Spells              Type           Power      Damage    Failure   Level
a - Blink                 Tloc           18%        N/A       12%         2

Your spell library contained the following spells:

 Spells                   Type           Power      Damage    Failure   Level
 Lesser Beckoning         Tloc           18%        N/A       12%         2
 Teleport Other           Tloc           9%         N/A       22%         3
 Manifold Assault         Tloc           9%         N/A       58%         4
 Vhi's Electric Charge    Tloc/Air       10%        N/A       78%         4

Inventory:

Hand Weapons
 a - a +0 mace (weapon) {mace}
Missiles
 d - 11 darts of dispersal (quivered) {=fthrowing}
 f - 5 silver javelins {throwing}
 i - 8 poisoned darts {throwing}
 j - 6 boomerangs {throwing}
Armour
 b - a +0 robe (worn)
Jewellery
 o - a ring of ice
   (You found it on level 2 of the Dungeon)
Scrolls
 c - 2 scrolls of blinking {!r}
 e - a scroll of summoning {unknown}
 g - 3 scrolls of fog {unknown}
 h - 2 scrolls of identify {unknown}
 k - a scroll of teleportation {unknown}
 n - a scroll of silence {unknown}
Potions
 l - 2 potions of attraction {unknown}
 m - a potion of cancellation {unknown}

Dungeon Overview and Level Annotations

Branches:
Dungeon (3/15) Zot: 16241

Altars:

Annotations:
D:2 1 runed translucent door, Crazy Yiuf

#.....# #.###.#
#.###.### #.#.....#
#.#.#.#.#####
##.#.#.#.##..
###......#.##.# # .
#........#.##.##.#...
#.#.##...#.@F........
#.#......####..###..
#.#..##..##........<.
#.#.†##..##.....!....
#........##.......##.
####.######.......#
#..# #.......# ##<#
#....>..# #.#
#.......#


You could see a bullfrog.


Message History

No target in view!
No target in view!
No target in view!
No target in view!
No target in view!
No target in view!
No target in view!
No target in view!
You see here a +0 dagger {short}.
You now have 100 gold pieces (gained 11).
o - a ring of ice
Okay, then.
You see here a rat skeleton.
You open the door.
There is an open door here.
There is an open door here.
You see here a +0 mace {mace}.
Crazy Yiuf shouts!
Could not explore, unopened runed door.
Could not explore, unopened runed door.
Could not explore, unopened runed door.
There is a stone staircase leading down here.
You climb downwards.
There is a stone staircase leading up here.
A giant cockroach comes into view.
A giant cockroach is nearby!
The giant cockroach closely misses you.
You closely miss the giant cockroach. The giant cockroach bites you.
The giant cockroach barely misses you.
HP[-1]
You take 1 damage, and now have 38/39 hp.
You hit the giant cockroach. Your punch misses the giant cockroach.
The giant cockroach bites you but does no damage.
HP[+1]
Your hp is fully restored (39).
You hit the giant cockroach.
You kill the giant cockroach!
No target in view!
No target in view!
No target in view!
No target in view!
No target in view!
No target in view!
No target in view!
No target in view!
No target in view!
No target in view!
No target in view!
No target in view!
No target in view!
A bullfrog comes into view.
Found a stone staircase leading down.
The bullfrog gives a loud, deep croak!
A bullfrog is nearby!
Found a stone staircase leading up.
You closely miss the bullfrog.
The bullfrog hits you but does no damage.
The bullfrog completely misses you.
You hit the bullfrog. The bullfrog hits you. x2
HP[-6]
You take 6 damage, and now have 33/39 hp.
You hit the bullfrog. Your headbutt misses the bullfrog.
The bullfrog hits you but does no damage.
The bullfrog hits you.
HP[-3]
You take 3 damage, and now have 30/39 hp.
You hit the bullfrog. The bullfrog hits you.
HP[-3]
You take 3 damage, and now have 27/39 hp.
You hit the bullfrog. Your headbutt misses the bullfrog.
The bullfrog barely misses you.
The bullfrog swells and bulges.
The bullfrog hits you.
HP[-4]
You take 4 damage, and now have 23/39 hp.
You barely miss the bullfrog. The bullfrog closely misses you.
The bullfrog hits you.
HP[-3]
You take 3 damage, and now have 20/39 hp.
You sock the bullfrog! The bullfrog barely misses you.
The bullfrog completely misses you.
You miss the bullfrog. The bullfrog hits you!
* * * LOW HITPOINT WARNING * * *
The bullfrog hits you!
* * * LOW HITPOINT WARNING * * *
HP[-13]
You take 13 damage, and now have 7/39 hp.
MASSIVE DAMAGE!! (PAUSE)
You barely miss the bullfrog. The bullfrog closely misses you. x2
You hit the bullfrog. You headbutt the bullfrog. The bullfrog hits you.
* * * LOW HITPOINT WARNING * * *
HP[-3]
You take 3 damage, and now have 4/39 hp.
Throw: 12 darts (disperse) {=fthrowing}
Press: ? - help, Q - select action, (/) - cycle Shift-Dir - straight line, f - bullfrog
Aim: a bullfrog (severely wounded, 43% to hit)
You throw a dart of dispersal {=fthrowing}.
The dart of dispersal {=fthrowing} closely misses the bullfrog.
The bullfrog hits you.
You die...

Skill      XL: |  1  2  3 |
---------------+----------+-----
Fighting       | 3 4 |  4.2
Maces & Flails | 3 |  3.1
Throwing       | |  1.0
Dodging        | |  2.1
Spellcasting   | |  2.4
Translocations | |  2.6

Action                     || total
---------------------------++-------
  Melee: Mace              ||   118
         Punch             ||     2
         Headbutt          ||    16
  Throw: Dart              ||     1
 Armour: Robe              ||   101
  Dodge: Dodged            ||    58

Levels and vault maps discovered:
D:1:      dpeg_arrival_three_same_balls, layout_rooms,
          shapermc_ecumenical_altar_totnotflames, minmay_misc_feat_alley,
          st_stairs_13, kennysheep_minor_cross
D:2:      minmay_door_path, layout_loops_ring, minmay_tetromino_s4,
          uniq_crazy_yiuf_cottage
D:3:      layout_loops_cross, overflow_temple_1_default, general_overflow_altar

Notes
Turn   | Place    | Note
-------+----------+-------------------------------------------
     0 | D:1      | zeratav the Oni Warper began the quest for the Orb.
     0 | D:1      | Reached XP level 1. HP: 22/22 MP: 3/3
     0 | D:1      | magus.rc [v1.9.6]
   190 | D:1      | Reached skill level 3 in Fighting
   194 | D:1      | Reached XP level 2. HP: 27/31 MP: 5/5
   226 | D:1      | Found a faded altar of an unknown god.
   757 | D:2      | Reached XP level 3. HP: 13/39 MP: 6/6
  1070 | D:2      | Reached skill level 4 in Fighting
  1125 | D:2      | Reached skill level 3 in Maces & Flails
  1219 | D:2      | Learned a level 2 spell: Blink
  1458 | D:2      | Found a runed translucent door.
  1459 | D:2      | Noticed Crazy Yiuf
  1713 | D:3      | Noticed a bullfrog
  1724 | D:3      | HP: 7/39 [bullfrog (7)]
  1727 | D:3      | Slain by a bullfrog

Vanquished Creatures
  An adder (D:2)
  3 dart slugs
  3 endoplasms
  4 giant cockroaches
  2 hobgoblins (D:1)
  3 kobolds (D:2)
  3 ball pythons
  6 bats
  2 frilled lizards (D:2)
  4 goblins
  5 rats
36 creatures vanquished.

Table legend:
 A = Non-vault XP
 B = Vault XP
 C = Vault XP percentage of total XP
 D = Non-vault monster count
 E = Vault monster count
 F = Vault count percentage of total count
                 A         B        C        D         E       F
            +---------+---------+-------+---------+---------+-------
      Total |      58 |      13 |  18.3 |      29 |       7 |  19.4
            +---------+---------+-------+---------+---------+-------
        D:1 |      29 |       2 |   6.5 |      16 |       1 |   5.9
        D:2 |      27 |      11 |  28.9 |      12 |       6 |  33.3
        D:3 |       2 |       0 |   0.0 |       1 |       0 |   0.0
            +---------+---------+-------+---------+---------+-------

Skill      XL: |  1  2  3 |
---------------+----------+-----
Fighting       | 3 4 |  4.2
Maces & Flails | 3 |  3.1
Throwing       | |  1.0
Dodging        | |  2.1
Spellcasting   | |  2.4
Translocations | |  2.6

Action                     || total
---------------------------++-------
  Melee: Mace              ||   118
         Punch             ||     2
         Headbutt          ||    16
  Throw: Dart              ||     1
 Armour: Robe              ||   101
  Dodge: Dodged            ||    58

Illustrated notes

Table legend:
 A = Kills in this place as a percentage of kills in the entire game.
 B = Kills by you in this place as a percentage of kills by you in the entire game.
 C = Kills by friends in this place as a percentage of kills by friends in the entire game.
 D = Other kills in this place as a percentage of other kills in the entire game.
 E = Experience gained in this place as a percentage of experience gained in the entire game.
 F = Experience gained in this place divided by the number of levels of this place that you have seen.
                   A       B       C       D       E      F
               +-------+-------+-------+-------+-------+----------------------
         Total | 100.0 | 100.0 |   N/A |   N/A | 100.0 |  23.7
       Dungeon | 100.0 | 100.0 |   N/A |   N/A | 100.0 |  23.7
               +-------+-------+-------+-------+-------+----------------------

Table legend: (Time is in decaauts)
 A = Elapsed time spent in this place.
 B = Non-inter-level travel time spent in this place.
 C = Inter-level travel time spent in this place.
 D = Time resting spent in this place.
 E = Time spent auto-exploring this place.
 F = Levels seen in this place.
 G = Mean time per level.
                   A        B        C        D        E       F      G
               +--------+--------+--------+--------+--------+-----+--------+
         Total |   1757 |   1705 |     52 |    112 |   1322 |   3 |  585.7 |
       Dungeon |   1757 |   1705 |     52 |    112 |   1322 |   3 |  585.7 |
               +--------+--------+--------+--------+--------+-----+--------+

Top non-repeatable levels by time:
     D:2: 953 daAuts
     D:1: 748 daAuts
     D:3: 55 daAuts
